 Dungeon Crawl Stone Soup version 0.19-a0-570-g8ae9a92 (webtiles) character file.

53 TheGoonsmith the Shield-Bearer (level 4, -5/35 HPs)
             Began as a Formicid Fighter on June 8, 2016.
             Slain by an iron imp (9 damage)
             ... summoned by Natasha
             ... on level 2 of the Dungeon.
             The game lasted 00:01:07 (679 turns).

TheGoonsmith the Shield-Bearer (Formicid Fighter)    Turns: 679, Time: 00:01:08

Health: -5/35      AC:  6    Str: 20    XL:     4   Next: 11%
Magic:  4/4        EV:  8    Int:  8    God:
Gold:   41         SH:  9    Dex: 11    Spells: 0 memorised, 3 levels left

rFire  . . .     SeeInvis +     a - +0 war axe
rCold  . . .     Gourm    .     b - +0 scale mail
rNeg   . . .     Faith    .     c - +0 shield
rPois  .         Spirit   .     (helmet unavailable)
rElec  .         Dismiss  .     (no cloak)
rCorr  .         Reflect  .     (no gloves)
SustAt .         Harm     .     (no boots)
MR     .....                    (no amulet)
Stlth  ..........               (no ring)
                                (no ring)

@: not resistant to hostile enchantments, extremely unstealthy
A: permanent stasis, dig shafts and tunnels, four strong arms, antennae 3
a: Dig, Shaft Self


You were on level 2 of the Dungeon.
You were not hungry.

You visited 1 branch of the dungeon, and saw 2 of its levels.

You collected 41 gold pieces.

Inventory:

Hand Weapons
 a - a +0 war axe (weapon)
Armour
 b - a +0 scale mail (worn)
 c - a +0 shield (worn)
Jewellery
 e - a cursed amulet of inaccuracy {unknown}
Scrolls
 g - 2 scrolls of remove curse {unknown}
 k - a scroll of magic mapping {unknown}
 l - a scroll of identify {unknown}
Potions
 d - 2 potions of might
 j - a potion of flight {unknown}
 m - a potion of mutation {unknown}
Comestibles
 f - a bread ration
 h - a beef jerky
 i - a meat ration


   Skills:
 - Level 3.2 Fighting
 * Level 3.5 Axes
 - Level 3.2 Armour
 + Level 4.3 Shields


You had 3 spell levels left.
You didn't know any spells.

Dungeon Overview and Level Annotations

Branches:
Dungeon (2/15)

Altars:

Annotations:
D:2 Natasha


Innate Abilities, Weirdness & Mutations

You are under a permanent stasis effect.
You can dig through walls and to a lower floor.
Your four strong arms can wield two-handed weapons with a shield.
You have a pair of large antennae on your head. (SInv)


Message History

Natasha claws you but does no damage.
You hit Natasha but do no damage.
Natasha is heavily wounded.
You hit the iron imp.
The iron imp is lightly wounded.
Natasha zaps a wand.
The puff of flame hits you!
You miss Natasha.
Natasha is heavily wounded.
You hit the iron imp but do no damage.
The iron imp is lightly wounded.
You block Natasha's attack. The iron imp hits you!
* * * LOW HITPOINT WARNING * * *
You block Natasha's attack. The iron imp hits you.
* * * LOW HITPOINT WARNING * * *
You closely miss Natasha.
Natasha is heavily wounded.
You hit the iron imp.
The iron imp is moderately wounded.
Natasha barely misses you. The iron imp hits you!
You die...

#.. #.# .# #.# .# #.# .#
#.# #.# #.# #.#
#######.######.#
...>.5h@...†.>.#
###...5.#####..# #.....#
#..# $.......#####..#
.........).....#########
......########.........#
...... ########.##
...... #######.#
#.......#


You could see an iron imp, Natasha and a white imp.

Vanquished Creatures
  Natasha (D:2)
  A dart slug (D:2)
  2 giant geckos
  5 goblins (D:1)
  4 hobgoblins (D:1)
  2 ball pythons (D:1)
  4 bats (D:1)
  2 giant newts (D:1)
  A kobold (D:1)
  3 rats (D:1)
25 creatures vanquished.

Notes
Turn   | Place    | Note
--------------------------------------------------------------
     0 | D:1      | TheGoonsmith the Formicid Fighter began the quest for the Orb.
     0 | D:1      | Reached XP level 1. HP: 18/18 MP: 1/1
    39 | D:1      | Reached XP level 2. HP: 20/24 MP: 2/2
   326 | D:1      | Reached skill level 4 in Shields
   362 | D:1      | Reached XP level 3. HP: 29/29 MP: 3/3
   648 | D:2      | Noticed Natasha
   653 | D:2      | Killed Natasha
   653 | D:2      | Reached XP level 4. HP: 26/35 MP: 4/4
   671 | D:2      | Noticed Natasha
   679 | D:2      | Slain by an iron imp

Vault maps used:
D:1:      ncdulo_wetmaze
D:2:      gammafunk_temple_overflow_statue, first_bread, uniq_robin,
          uniq_natasha, uniq_jessica

Skill      XL: |  1  2  3 |
---------------+----------+-----
Shields        | 4 |  4.3
Axes           | 3 |  3.5
Fighting       | |  3.2
Armour         | |  3.2

Action                   |  1- 3 |  4- 6 || total
-------------------------+-------+-------++-------
Melee: War axe           |    99 |    11 ||   110
Armor: Scale mail        |    48 |     3 ||    51
Dodge: Dodged            |    29 |     1 ||    30
Block: Shield            |    52 |     5 ||    57
